 Dungeon Crawl Stone Soup version 0.32-a0-643-ga006e7742e (webtiles) character file.

Game seed: 1164921618781076682

43 runemasterragnar the Charlatan (level 3, -1/27 HPs)
             Began as a Coglin Artificer on Mar 8, 2024.
             Slain by a kobold
             ... wielding a +0 vampiric short sword
              (4 damage)
             ... on level 2 of the Dungeon.
             The game lasted 00:02:03 (1146 turns).

runemasterragnar the Charlatan (Coglin Artificer)   Turns: 1146, Time: 00:02:03

Health: -1/27      AC:  4    Str: 14    XL:     3   Next: 58%
Magic:  3/3        EV: 11    Int: 10    God:
Gold:   96         SH:  0    Dex: 14    Spells: 2/2 levels left

rFire   + . .        h - staff of fire {Hwan}
rCold   . . .        f - +0 dagger {Charoen}
rNeg    . . .        b - +0 leather armour
rPois   .            (no helmet)
rElec   .            k - +0 cloak
rCorr   .            (no gloves)
SInv    .            (no boots)
Will    .....        (amulet unavailable)
Stlth   +            (ring unavailable)
HPRegen 0.24/turn    (ring unavailable)
MPRegen 0.08/turn    (no gizmo)

%: no passive effects
@: revved
A: off-hand wielding, slow wielding, warmup strikes, no jewellery
a: Invent Gizmo


You were on level 2 of the Dungeon.
You visited 1 branch of the dungeon, and saw 2 of its levels.

You collected 96 gold pieces.

Inventory:

Hand Weapons
 a - a +0 club {Ashmeen}
 f - a +0 dagger (offhand) {Charoen}
Armour
 b - a +0 leather armour (worn)
 k - a +0 cloak (worn)
Magical Staves
 h - a staff of fire (weapon) {Hwan}
Talismans
 m - a serpent talisman
Wands
 c - a wand of flame (15) (quivered)
 d - a wand of charming (15)
 e - a wand of iceblast (5)
Scrolls
 g - a scroll of noise {unknown}
 i - a scroll of immolation {unknown}
 j - a scroll of poison {unknown}
Potions
 l - a potion of haste {unknown}
 n - a potion of berserk rage {unknown}


   Skills:
 + Level 1.9 Fighting
 + Level 1.1 Staves
 - Level 2.2 Armour
 - Level 0.8 Dodging
 - Level 0.7 Stealth
 + Level 4.6 Evocations


You had 2 spell levels left.
You didn't know any spells.
Your spell library contained the following spells:

 Spells                   Type           Power      Damage    Failure   Level
 Apportation              Tloc           0%         N/A       43%         1
 Necrotise                Necr           0%         1d4       43%         1
 Sting                    Conj/Alch      0%         1d3       43%         1
 Summon Small Mammal      Summ           0%         N/A       43%         1
 Call Imp                 Summ           0%         N/A       56%         2
 Sublimation of Blood     Necr           0%         N/A       56%         2
 Summon Hydra             Summ           0%         N/A       100%        7


Dungeon Overview and Level Annotations

Branches:
Dungeon (2/15)

Altars:


Innate Abilities, Weirdness & Mutations

You can wield a second weapon in your off-hand.
It takes a long time for you to wield or remove held weapons.
Your first few attacks do less damage.
You cannot equip rings or amulets.


Message History

The ribbon worm is moderately wounded.
You hit the ribbon worm but do no damage.
The ribbon worm closely misses you. The kobold hits you but does no damage.
You hit the ribbon worm with your +0 dagger.
The ribbon worm is moderately wounded.
You hit the ribbon worm with your staff of fire.
The ribbon worm closely misses you. The kobold closely misses you.
You hit the ribbon worm with your staff of fire.
The ribbon worm is heavily wounded.
You hit the ribbon worm with your +0 dagger.
The ribbon worm barely misses you.
The kobold hits you with a +0 vampiric short sword.
You hit the ribbon worm with your +0 dagger.
The ribbon worm is heavily wounded.
You hit the ribbon worm with your staff of fire.
The ribbon worm bites you. The kobold closely misses you.
You are too injured to fight recklessly!
Unknown command.
You are too injured to fight recklessly!
You are too injured to fight recklessly!
You are too injured to fight recklessly!
You hit the ribbon worm but do no damage.
The ribbon worm is severely wounded.
You hit the ribbon worm with your staff of fire.
The kobold hits you with a +0 vampiric short sword.
The ribbon worm expels a string of sticky webbing.
The stream of webbing hits you but does no damage.
You are caught in a web!
You struggle to detach yourself from the web.
The kobold hits you with a +0 vampiric short sword.
The ribbon worm bites you but does no damage.
The web tears apart.
The kobold hits you with a +0 vampiric short sword.
The ribbon worm bites you.
* * * LOW HITPOINT WARNING * * *
You hit the ribbon worm but do no damage.
The ribbon worm is severely wounded.
You barely miss the ribbon worm with your staff of fire.
The kobold hits you with a +0 vampiric short sword.
You die...

#.#.## ## #....##
#. ##.....## #.
#....>..# #.
#.......## ###.
#........ #####...
####...w.# #.#
#...(... ......K@#
#.###.###.#.
######..#
#.##........ #..#
#.##..#...†. #..#
##.##..#...)†
#..####............
#............#.....
##.......##.##.....
#######.##.##>..##
#.##.##.##


You could see a ribbon worm and a kobold.

Vanquished Creatures
  A ribbon worm (D:2)
  4 ball pythons (D:1)
  4 endoplasms
  A giant cockroach (D:1)
  5 goblins (D:1)
  5 hobgoblins
  3 quokkas (D:1)
  6 bats (D:1)
  2 frilled lizards
  2 kobolds
  4 rats (D:1)
37 creatures vanquished.

Notes
Turn   | Place    | Note
-------+----------+-------------------------------------------
     0 | D:1      | runemasterragnar the Coglin Artificer began the quest for
                  | the Orb.
     0 | D:1      | Reached XP level 1. HP: 15/15 MP: 1/1
    82 | D:1      | Reached XP level 2. HP: 11/21 MP: 2/2
    88 | D:1      | HP: 1/21 [goblin/+0 club (2)]
   408 | D:1      | Found a faded altar of an unknown god.
   584 | D:1      | Reached XP level 3. HP: 25/26 MP: 3/3
   666 | D:1      | Reached skill level 1 in Staves
  1146 | D:2      | Slain by a kobold

Illustrated notes

Levels and vault maps discovered:
D:1:      eino_arrival_water_cross, layout_basic,
          shapermc_ecumenical_altar_mp_highgroup, minmay_small_reverse_x
D:2:      layout_loops_ring, minmay_lizard_pond

Skill      XL: |  1  2  3 |
---------------+----------+-----
Armour         | 2 |  2.2
Staves         | 1 |  1.1
Fighting       | |  1.9
Dodging        | |  0.8
Stealth        | |  0.7
Evocations     | |  4.6

Action                     || total
---------------------------++-------
  Melee: Dagger            ||    85
         Staff             ||    79
         Club              ||     3
    Use: Potion            ||     1
   Stab: Sleeping          ||     1
 Armour: Leather armour    ||    70
  Dodge: Dodged            ||    69

Table legend: (Time is in decaauts)
 A = Elapsed time spent in this place.
 B = Non-inter-level travel time spent in this place.
 C = Inter-level travel time spent in this place.
 D = Time resting spent in this place.
 E = Time spent auto-exploring this place.
 F = Levels seen in this place.
 G = Mean time per level.
                   A        B        C        D        E       F      G
               +--------+--------+--------+--------+--------+-----+--------+
         Total |   1153 |   1144 |      9 |    276 |    615 |   2 |  576.5 |
       Dungeon |   1153 |   1144 |      9 |    276 |    615 |   2 |  576.5 |
               +--------+--------+--------+--------+--------+-----+--------+

Top non-repeatable levels by time:
     D:1: 934 daAuts
     D:2: 219 daAuts
